MLB
CHICAGO WHITE SOX @ CLEVELAND INDIANS
09/04/2019
 
TOP OF THE 1ST
Chicago White Sox batting - Pitching for Cleveland Indians : RHP Max Scherzer
Pitching: RHP Max Scherzer
Batting: RHB Drew Jackson 0-0: Swinging Strike
0-1: Swinging Strike
0-2: Ball
1-2: Foul Ball, location: 2F
1-2: Strikes out looking
Batting: LHB Michael Brantley 0-0: Ball
1-0: Called Strike
1-1: Foul Ball, location: 2F
1-2: Ball
2-2: Ball
3-2: SINGLE (Line Drive, 8RS, EV 92.5 MPH)
Batting: RHB Justin Turner 0-0: Called Strike
0-1: Ball
1-1: Called Strike
1-2: Strikes out swinging
Batting: LHB Brandon Belt 0-0: Ball
1-0: Foul Ball, location: 2F
1-1: Ball
2-1: Reached on error, E4 (Groundball, 4, EV 84.4 MPH)
Michael Brantley to third
Batting: SHB Melky Cabrera 0-0: Called Strike
0-1: Fly out, F7 (Flyball, 78D, EV 103.1 MPH)
Top of the 1st over - 0 runs, 1 hit, 1 error, 2 left on base; Chicago 0 - Cleveland 0
BOTTOM OF THE 1ST
Cleveland Indians batting - Pitching for Chicago White Sox : RHP Brad Peacock
Pitching: RHP Brad Peacock
Batting: LHB Adam Frazier 0-0: Ball
1-0: Called Strike
1-1: Bunt for hit to 3S - play at first, batter OUT! 3-4
Batting: RHB J.D. Martinez 0-0: Ball
1-0: Called Strike
1-1: Ball
2-1: Ball
3-1: Fly out, F7 (Flyball, 78M, EV 95.6 MPH)
Batting: LHB Matt Carpenter 0-0: Called Strike
0-1: Ball
1-1: Called Strike
1-2: Strikes out looking
Bottom of the 1st over - 0 runs, 0 hits, 0 errors, 0 left on base; Chicago 0 - Cleveland 0
TOP OF THE 2ND
Chicago White Sox batting - Pitching for Cleveland Indians : RHP Max Scherzer
Batting: LHB Andrew Toles 0-0: SINGLE (Flyball, 89S, EV 90.6 MPH)
Batting: RHB Jose Trevino 0-0: Called Strike
0-1: 2-RUN HOME RUN (Flyball, 7D, EV 104.4 MPH), Distance : 358 ft
Batting: LHB Marco Hernandez 0-0: Ball
1-0: Bunt for hit to 2R - play at first, batter safe!
Batting: RHB Alex Murphy 0-0: Called Strike
0-1: Ball
1-1: Fly out, F6 (Line Drive, 6, EV 69.4 MPH)
Batting: RHB Drew Jackson 0-0: Ball
1-0: Ball
2-0: Foul Ball, location: 2F
2-1: 2-RUN HOME RUN (Flyball, 7D, EV 96.9 MPH), Distance : 377 ft
Batting: LHB Michael Brantley 0-0: Foul Ball, location: 2F
0-1: Ball
1-1: Ball
2-1: Foul Ball, location: 2F
2-2: Foul Ball, location: 2F
2-2: Foul Ball, location: 2F
2-2: Ball
3-2: Foul Ball, location: 2F
3-2: Fly out, F8 (Flyball, 8RXD, EV 90.6 MPH)
Batting: RHB Justin Turner 0-0: Called Strike
0-1: Ball
1-1: Foul Ball, location: 2F
1-2: Strikes out swinging
Top of the 2nd over - 4 runs, 4 hits, 0 errors, 0 left on base; Chicago 4 - Cleveland 0
BOTTOM OF THE 2ND
Cleveland Indians batting - Pitching for Chicago White Sox : RHP Brad Peacock
Batting: SHB Marwin Gonzalez 0-0: Called Strike
0-1: Ball
1-1: Called Strike
1-2: Strikes out swinging
Batting: RHB Matt Chapman 0-0: Called Strike
0-1: Called Strike
0-2: Strikes out looking
Batting: LHB Stephen Vogt 0-0: Ball
1-0: Called Strike
1-1: Called Strike
1-2: SINGLE (Line Drive, 9LS, EV 107.5 MPH)
Batting: RHB Steven Souza Jr. 0-0: Ball
Wild Pitch!
Stephen Vogt to second
1-0: Foul Ball, location: 2F
1-1: Swinging Strike
1-2: 2-RUN HOME RUN (Flyball, 7D, EV 92.5 MPH), Distance : 359 ft
Batting: RHB Marcus Semien 0-0: Ball
1-0: Ball
2-0: Called Strike
2-1: Foul Ball, location: 2F
2-2: Foul Ball, location: 2F
2-2: Foul Ball, location: 2F
2-2: Strikes out swinging
Bottom of the 2nd over - 2 runs, 2 hits, 0 errors, 0 left on base; Chicago 4 - Cleveland 2
TOP OF THE 3RD
Chicago White Sox batting - Pitching for Cleveland Indians : RHP Max Scherzer
Batting: LHB Brandon Belt 0-0: Foul Ball, location: 2F
0-1: Called Strike
0-2: Ball
1-2: Strikes out swinging
Batting: SHB Melky Cabrera 0-0: Ball
1-0: Called Strike
1-1: Swinging Strike
1-2: Ball
2-2: Ball
3-2: Strikes out looking
Batting: LHB Andrew Toles 0-0: Ball
1-0: Foul Ball, location: 2F
1-1: Foul Ball, location: 2F
1-2: Ground out 5-3 (Groundball, 5, EV 86.9 MPH)
Top of the 3rd over - 0 runs, 0 hits, 0 errors, 0 left on base; Chicago 4 - Cleveland 2
BOTTOM OF THE 3RD
Cleveland Indians batting - Pitching for Chicago White Sox : RHP Brad Peacock
Batting: RHB Tim Locastro 0-0: Ball
1-0: Swinging Strike
1-1: Ground out 6-3 (Groundball, 6, EV 81.3 MPH)
Batting: LHB Adam Frazier 0-0: Swinging Strike
0-1: Called Strike
0-2: Foul Ball, location: 2F
0-2: Ball
1-2: Ball
2-2: Strikes out swinging
Batting: RHB J.D. Martinez 0-0: Reached on error, E6 (Groundball, 6, EV 91.9 MPH)
Batting: LHB Matt Carpenter 0-0: Ball
1-0: Ball
2-0: Ball
3-0: Called Strike
3-1: Called Strike
3-2: Strikes out looking
Bottom of the 3rd over - 0 runs, 0 hits, 1 error, 1 left on base; Chicago 4 - Cleveland 2
TOP OF THE 4TH
Chicago White Sox batting - Pitching for Cleveland Indians : RHP Max Scherzer
Batting: RHB Jose Trevino 0-0: Called Strike
0-1: Ground out 4-3 (Groundball, 4, EV 99.4 MPH)
Batting: LHB Marco Hernandez 0-0: Ball
1-0: Ball
2-0: Ball
3-0: Called Strike
3-1: Ground out 6-3 (Groundball, 56, EV 85.0 MPH)
Batting: RHB Alex Murphy 0-0: Fly out, F8 (Flyball, 8RXD, EV 91.3 MPH)
Top of the 4th over - 0 runs, 0 hits, 0 errors, 0 left on base; Chicago 4 - Cleveland 2
BOTTOM OF THE 4TH
Cleveland Indians batting - Pitching for Chicago White Sox : RHP Brad Peacock
Batting: SHB Marwin Gonzalez 0-0: Ball
1-0: Ball
2-0: Called Strike
2-1: Foul Ball, location: 2F
2-2: Strikes out looking
Batting: RHB Matt Chapman 0-0: Ball
1-0: Ball
2-0: Ball
3-0: Called Strike
3-1: Base on Balls
Batting: LHB Stephen Vogt 0-0: Ball
1-0: Called Strike
1-1: SINGLE (Line Drive, 89S, EV 104.4 MPH)
Matt Chapman to second
Batting: RHB Steven Souza Jr. 0-0: 3-RUN HOME RUN (Flyball, 7D, EV 96.9 MPH), Distance : 362 ft
Pitching: LHP Anderson Severino
Batting: RHB Marcus Semien 0-0: Called Strike
0-1: Foul Ball, location: 2F
0-2: Ball
1-2: Strikes out swinging
Batting: RHB Tim Locastro 0-0: Hit by Pitch
Batting: LHB Adam Frazier 0-0: Foul Ball, location: 2F
0-1: Ball
1-1: Ball
2-1: Called Strike
2-2: Foul Ball, location: 2F
2-2: Foul Ball, location: 2F
2-2: Strikes out swinging
Bottom of the 4th over - 3 runs, 2 hits, 0 errors, 1 left on base; Chicago 4 - Cleveland 5
TOP OF THE 5TH
Chicago White Sox batting - Pitching for Cleveland Indians : RHP Max Scherzer
Batting: RHB Drew Jackson 0-0: Ball
1-0: Ball
2-0: Ball
3-0: Called Strike
3-1: Swinging Strike
3-2: SINGLE (Groundball, 56D, EV 95.0 MPH)
Batting: LHB Michael Brantley 0-0: Foul Ball, location: 2F
0-1: Called Strike
0-2: Ball
1-2: Ball
2-2: Foul Ball, location: 2F
2-2: Foul Ball, location: 2F
2-2: Foul Ball, location: 2F
2-2: Fly out, F7 (Flyball, 7, EV 88.1 MPH)
Batting: RHB Justin Turner 0-0: Called Strike
0-1: Fly out, F4 (Flyball, 34D, EV 91.9 MPH)
Batting: LHB Brandon Belt 0-0: Fly out, F8 (Line Drive, 8LM, EV 94.4 MPH)
Top of the 5th over - 0 runs, 1 hit, 0 errors, 1 left on base; Chicago 4 - Cleveland 5
BOTTOM OF THE 5TH
Cleveland Indians batting - Pitching for Chicago White Sox : LHP Anderson Severino
Batting: RHB J.D. Martinez 0-0: Called Strike
0-1: Ball
1-1: Fly out, F6 (Popup, 4S, EV 77.5 MPH)
Batting: LHB Matt Carpenter 0-0: Foul Ball, location: 2F
0-1: Ball
1-1: Swinging Strike
1-2: Ball
2-2: Strikes out looking
Batting: SHB Marwin Gonzalez 0-0: Called Strike
0-1: Foul Ball, location: 2F
0-2: Strikes out swinging
Bottom of the 5th over - 0 runs, 0 hits, 0 errors, 0 left on base; Chicago 4 - Cleveland 5
TOP OF THE 6TH
Chicago White Sox batting - Pitching for Cleveland Indians : RHP Max Scherzer
Batting: SHB Melky Cabrera 0-0: Reached via error on a dropped throw from 1B, E1 (Groundball, 34, EV 86.9 MPH)
Batting: LHB Andrew Toles 0-0: Ball
1-0: Ball
2-0: Called Strike
2-1: Ball
3-1: Fielders Choice at 2nd, 4-6 (Groundball, 34, EV 101.3 MPH)
Batting: RHB Jose Trevino 0-0: Ball
Pickoff Throw to First - Out! 1-3
1-0: Ball
2-0: Ball
3-0: Base on Balls
Pitching: RHP Simon Castro
Batting: LHB Marco Hernandez 0-0: Called Strike
0-1: Swinging Strike
0-2: Strikes out swinging
Top of the 6th over - 0 runs, 0 hits, 1 error, 1 left on base; Chicago 4 - Cleveland 5
BOTTOM OF THE 6TH
Cleveland Indians batting - Pitching for Chicago White Sox : LHP Anderson Severino
Batting: RHB Matt Chapman 0-0: Ball
1-0: Swinging Strike
1-1: Swinging Strike
1-2: Strikes out swinging
Batting: LHB Stephen Vogt 0-0: Ball
1-0: Called Strike
1-1: Ground out 4-3 (Groundball, 4, EV 88.1 MPH)
Batting: RHB Steven Souza Jr. 0-0: Ball
1-0: Foul Ball, location: 2F
1-1: Ball
2-1: Ball
3-1: Called Strike
3-2: Base on Balls
Pitching: LHP Jared Miller
Batting: RHB Marcus Semien 0-0: Fly out, F8 (Line Drive, 8RD, EV 107.5 MPH)
Bottom of the 6th over - 0 runs, 0 hits, 0 errors, 1 left on base; Chicago 4 - Cleveland 5
TOP OF THE 7TH
Chicago White Sox batting - Pitching for Cleveland Indians : RHP Simon Castro
Batting: RHB Alex Murphy 0-0: Ball
1-0: Swinging Strike
1-1: Swinging Strike
1-2: Ball
2-2: Foul Ball, location: 2F
2-2: Strikes out looking
Batting: RHB Drew Jackson 0-0: Ball
1-0: Swinging Strike
1-1: Ball
2-1: Foul Ball, location: 2F
2-2: Strikes out swinging, 2-3 out at first.
Batting: LHB Michael Brantley 0-0: Ball
1-0: Swinging Strike
1-1: Ball
2-1: Fly out, F8 (Flyball, 8LS, EV 88.8 MPH)
Top of the 7th over - 0 runs, 0 hits, 0 errors, 0 left on base; Chicago 4 - Cleveland 5
BOTTOM OF THE 7TH
Cleveland Indians batting - Pitching for Chicago White Sox : LHP Jared Miller
Batting: RHB Tim Locastro 0-0: Ball
1-0: DOUBLE (Flyball, 78XD, EV 96.9 MPH)
Batting: LHB Adam Frazier 0-0: Called Strike
0-1: Ball
1-1: Ball
2-1: Ball
3-1: Swinging Strike
3-2: Base on Balls
Batting: RHB J.D. Martinez 0-0: Swinging Strike
0-1: Ball
1-1: Swinging Strike
1-2: Foul Ball, location: 2F
1-2: Ball
2-2: Ball
3-2: 3-RUN HOME RUN (Flyball, 7LD, EV 96.9 MPH), Distance : 354 ft
Pitching: RHP Jacob Rhame
Batting: LHB Matt Carpenter 0-0: Ball
1-0: Called Strike
1-1: Ground out 2-3 (Groundball, 2L, EV 74.4 MPH)
Batting: SHB Marwin Gonzalez 0-0: Called Strike
0-1: Called Strike
0-2: Strikes out looking
Batting: RHB Matt Chapman 0-0: DOUBLE (Line Drive, 7LS, EV 98.1 MPH)
Batting: LHB Stephen Vogt 0-0: Fly out, F8 (Flyball, 8RS, EV 76.9 MPH)
Bottom of the 7th over - 3 runs, 3 hits, 0 errors, 1 left on base; Chicago 4 - Cleveland 8
TOP OF THE 8TH
Chicago White Sox batting - Pitching for Cleveland Indians : RHP Simon Castro
Pitching: RHP Liam Hendriks
Batting: RHB Justin Turner 0-0: Ground out 1-3 (Groundball, 34S, EV 83.8 MPH)
Batting: LHB Brandon Belt 0-0: Called Strike
0-1: Foul Ball, location: 2F
0-2: Ball
1-2: Foul Ball, location: 2F
1-2: Ball
2-2: SINGLE (Line Drive, 4D, EV 95.6 MPH)
Batting: SHB Melky Cabrera 0-0: Ball
1-0: Ball
2-0: Ball
3-0: Base on Balls
Brandon Belt to second
Batting: LHB Andrew Toles 0-0: Called Strike
0-1: Fly out, F2 (Popup, 2LF, EV 88.1 MPH)
Batting: RHB Jose Trevino 0-0: SINGLE (Line Drive, 34, EV 94.4 MPH)
Brandon Belt to third
Melky Cabrera to second
Batting: LHB Marco Hernandez 0-0: Swinging Strike
0-1: Swinging Strike
0-2: Fly out, F6 (Flyball, 6MD, EV 93.1 MPH)
Top of the 8th over - 0 runs, 2 hits, 0 errors, 3 left on base; Chicago 4 - Cleveland 8
BOTTOM OF THE 8TH
Cleveland Indians batting - Pitching for Chicago White Sox : RHP Jacob Rhame
Pitching: LHP Brian Clark
Batting: RHB Steven Souza Jr. 0-0: Ball
1-0: Swinging Strike
1-1: SINGLE (Line Drive, 6D, EV 96.3 MPH)
Batting: RHB Marcus Semien 0-0: Called Strike
0-1: Sac Bunt to 13 - play at second, runner OUT! 1-6
Batting: RHB Tim Locastro 0-0: Called Strike
Marcus Semien steals 2nd base
0-1: Ball
1-1: Ball
2-1: DOUBLE (Line Drive, 3D, EV 104.4 MPH)
Marcus Semien scores
Batting: LHB Adam Frazier 0-0: Ball
1-0: Ball
2-0: Swinging Strike
2-1: Ball
3-1: Foul Ball, location: 2F
3-2: Foul Ball, location: 2F
3-2: Foul Ball, location: 2F
3-2: Foul Ball, location: 2F
3-2: Ground out 3-1 (Groundball, 34, EV 105.0 MPH)
Tim Locastro to third
Batting: RHB J.D. Martinez 0-0: Called Strike
0-1: Ball
1-1: Ball
2-1: Ground out 5-3 (Groundball, 5, EV 82.5 MPH)
Bottom of the 8th over - 1 run, 2 hits, 0 errors, 1 left on base; Chicago 4 - Cleveland 9
TOP OF THE 9TH
Chicago White Sox batting - Pitching for Cleveland Indians : RHP Liam Hendriks
Batting: RHB Alex Murphy 0-0: Ball
1-0: Swinging Strike
1-1: Swinging Strike
1-2: Foul Ball, location: 2F
1-2: Strikes out swinging
Batting: RHB Drew Jackson 0-0: Ball
1-0: Swinging Strike
1-1: Ball
2-1: Foul Ball, location: 2F
2-2: Strikes out swinging
Batting: LHB Michael Brantley 0-0: Called Strike
0-1: Foul Ball, location: 2F
0-2: Ball
1-2: Foul Ball, location: 2F
1-2: Foul Ball, location: 2F
1-2: Foul Ball, location: 2F
1-2: Ball
2-2: Strikes out swinging
Top of the 9th over - 0 runs, 0 hits, 0 errors, 0 left on base; Chicago 4 - Cleveland 9
Monday, December 9th, 2019 - OOTP Baseball 20.8 Build 73